 Dungeon Crawl Stone Soup version 0.28.0-53-g5a82cb258f (webtiles) character file.

Game seed: 17766454657013811115

166 DocClef the Skirmisher (level 5, -3/44 HPs)
             Began as a Demonspawn Gladiator on July 6, 2022.
             Slain by an ogre
             ... wielding a +0 giant club
              (11 damage)
             ... on level 4 of the Dungeon.
             The game lasted 00:02:49 (3437 turns).

DocClef the Skirmisher (Demonspawn Gladiator)       Turns: 3437, Time: 00:02:49

Health: -3/44      AC:  9    Str: 17    XL:     5   Next: 22%
Magic:  5/5        EV: 10    Int:  9    God:
Gold:   68         SH:  0    Dex: 14    Spells: 4/4 levels left

rFire   . . .      SeeInvis .   o - +2 trident (venom)
rCold   . . .      Faith    .   (no shield)
rNeg    . . .      Spirit   .   f - +0 scale mail
rPois   .          Reflect  .   c - +0 helmet
rElec   .          Harm     .   (no cloak)
rCorr   .          Rampage  .   (no gloves)
Will    .....                   (no boots)
Stlth   ..........              (no amulet)
HPRegen 0.14/turn               (no ring)
MPRegen 0.09/turn               (no ring)

@: no status effects
A: hooves 1, slimy green scales 1
a: no special abilities


You were on level 4 of the Dungeon.
You visited 1 branch of the dungeon, and saw 4 of its levels.

You collected 68 gold pieces.

Inventory:

Hand Weapons
 a - a +0 war axe
 o - a +2 trident of venom (weapon)
Missiles
 d - 3 throwing nets (quivered)
Armour
 c - a +0 helmet (worn)
 f - a +0 scale mail (worn)
Jewellery
 h - a ring of protection from cold
Scrolls
 b - a scroll of immolation {unknown}
 e - 4 scrolls of identify {unknown}
 g - a scroll of noise {unknown}
 i - a scroll of magic mapping {unknown}
 j - a scroll of vulnerability {unknown}
 l - a scroll of torment {unknown}
 n - a scroll of fear {unknown}
Potions
 k - a potion of might {unknown}
 m - a potion of curing {unknown}


   Skills:
 + Level 5.5 Fighting
 - Level 2.6 Axes
 - Level 1.7 Throwing
 - Level 2.6 Dodging


You had 4 spell levels left.
You didn't know any spells.
Your spell library contained the following spells:

 Spells                   Type           Power      Damage    Failure   Level
 Freeze                   Ice            0%         1d3       83%         1
 Sting                    Tmut/Pois      0%         1d3       83%         1
 Poisonous Vapours        Pois/Air       0%         N/A       92%         2
 Flame Wave               Conj/Fire      0%         2d4       100%        4
 Olgreb's Toxic Radiance  Pois           0%         N/A       100%        4
 Chain Lightning          Conj/Air       0%         N/A       100%        9


Dungeon Overview and Level Annotations

Branches:
Dungeon (4/15)
 Temple: D:4-7

Altars:

Shops:
D:2 *

Annotations:
D:3 Grinder


Innate Abilities, Weirdness & Mutations

You have large cloven feet.
You are partially covered in slimy green scales. (AC +2)


Message History

Found 10 gold pieces.
You see here a +2 trident of venom.
o - a +2 trident of venom Your +2 trident of venom begins to drip with poison!
o - a +2 trident of venom (weapon)
Okay, then.
You hit the phantom. Your kick misses the phantom.
The phantom is lightly damaged.
The phantom hits you.
The phantom blinks!
You blink.
A kobold comes into view. It is wielding a +0 club.
The phantom closely misses you.
You closely miss the phantom.
The kobold shouts!
You kick the phantom.
The phantom is moderately damaged.
The phantom hits you but does no damage.
You puncture the phantom! Your kick misses the phantom.
The phantom is heavily damaged.
The phantom hits you.
The phantom blinks!
You blink.
The ogre closely misses you.
You miss the phantom.
The phantom is heavily damaged.
The phantom hits you. The ogre hits you with a +0 giant club!
You closely miss the phantom. You kick the phantom.
The phantom is severely damaged.
The phantom hits you but does no damage.
The ogre hits you with a +0 giant club!!
* * * LOW HITPOINT WARNING * * *
The phantom hits you but does no damage.
You are too injured to fight recklessly!
Unknown command.
You puncture the ogre!
The ogre is poisoned.
Your kick misses the ogre.
The ogre is moderately wounded.
The ogre barely misses you.
Unknown command.
You puncture the ogre!
The ogre looks as sick as possible!
You kick the ogre, but do no damage.
The ogre is severely wounded.
The ogre hits you with a +0 giant club!
You die...

... ............ # #.
#.# ..##.##.###. #.#.
#.##$.##......).
.#$#.##........##<####
...............##.####
......................
#.#.># ...#### #$#K.#
...... #@OW.# ..####
#.##.# #.##.######.#
####...........#
#.......#############
#.##.##.# #.....
#.##.########.####
#.............#...
####......†.....##


You could see a phantom, an ogre (extremely poisoned) and a kobold.

Vanquished Creatures
  An orc priest (D:2)
  An orc wizard (D:3)
  An adder (D:2)
  An adder skeleton (D:4)
  3 worms
  2 dart slugs
  9 orcs
  12 ball pythons
  4 endoplasms
  5 giant cockroaches
  2 goblins
  4 hobgoblins (D:1)
  4 jackals (D:2)
  5 kobolds
  3 quokkas
  6 bats
  5 frilled lizards
  3 rats
71 creatures vanquished.

Vanquished Creatures (others)
  21 plants (D:3)
21 creatures vanquished.

Grand Total: 92 creatures vanquished

Notes
Turn   | Place    | Note
-------+----------+-------------------------------------------
     0 | D:1      | DocClef the Demonspawn Gladiator began the quest for the
                  | Orb.
     0 | D:1      | Reached XP level 1. HP: 16/16 MP: 1/1
   271 | D:1      | Gained mutation: You are partially covered in slimy green
                  | scales. (AC +2) [demonic ancestry]
   271 | D:1      | Reached XP level 2. HP: 23/23 MP: 2/2
   311 | D:1      | Reached skill level 3 in Fighting
  1168 | D:2      | Reached XP level 3. HP: 23/29 MP: 3/3
  1381 | D:2      | Found Eplysoah's Assorted Antiques.
  1509 | D:2      | Reached skill level 4 in Fighting
  1663 | D:2      | Got the Collected Works on the Damaging Snowflakes
  1949 | D:3      | Gained mutation: You have large cloven feet. [demonic
                  | ancestry]
  1949 | D:3      | Reached XP level 4. HP: 6/38 MP: 4/4
  2228 | D:3      | Noticed a kobold brigand
  2714 | D:3      | Reached skill level 5 in Fighting
  2862 | D:3      | Reached XP level 5. HP: 41/44 MP: 5/5
  3241 | D:3      | Noticed Grinder
  3420 | D:4      | Noticed a phantom
  3421 | D:4      | Noticed an ogre
  3437 | D:4      | Slain by an ogre

Illustrated notes

Levels and vault maps discovered:
D:1:      dpeg_arrival_castle, layout_basic, minmay_misc_feat_plants
D:2:      layout_loops_ring, serial_shops, shop_fountains, minmay_pentomino_v2
D:3:      layout_basic, hangedman_abyss_or_decor_stabs, serial_bayou_lagoon_a,
          hex_intersection, minmay_snake_closets, uniq_grinder
D:4:      layout_loops_ring, lemuel_crystal_altar

Skill      XL: |  1  2  3  4 |
---------------+-------------+-----
Fighting       | 3 4 5 |  5.5
Axes           | |  2.6
Throwing       | |  1.7
Dodging        | |  2.6

Action                   |  1- 3 |  4- 6 || total
-------------------------+-------+-------++-------
Melee: War axe           |   123 |    45 ||   168
       Punch             |     1 |       ||     1
       Kick              |       |    13 ||    13
       Trident           |       |     7 ||     7
Armor: Leather armour    |     9 |       ||     9
       Scale mail        |    67 |    25 ||    92
Dodge: Dodged            |    86 |    35 ||   121
